3L
BROOKLYN DODGERS @ KINGSTON TOWNSHIP LEGION
07/21/2025
 
TOP OF THE 1ST
Brooklyn Dodgers batting - Pitching for Kingston Township Legion : LHP Shigemasa Horiuchi
Pitching: LHP Shigemasa Horiuchi
Batting: SHB Juan Rivas 0-0: Foul Ball, location: 2F
0-1: DOUBLE (Line Drive, 9LD)
Batting: RHB Gustavo Mateo 0-0: Ball
1-0: Called Strike
1-1: Ball
2-1: Called Strike
Juan Rivas is caught stealing 3rd base
2-2: Ball
3-2: Foul Ball, location: 2F
3-2: Strikes out looking
Batting: SHB Leonard O'Connor 0-0: Ball
1-0: Ball
2-0: SINGLE (Groundball, 56D)
Batting: LHB Avon Barksdale 0-0: Foul Ball, location: 2F
0-1: Called Strike
0-2: Ball
1-2: Strikes out swinging
Top of the 1st over - 0 run(s), 2 hit(s), 0 error(s), 1 left on base; Brooklyn 0 - Kingston Township 0
BOTTOM OF THE 1ST
Kingston Township Legion batting - Pitching for Brooklyn Dodgers : RHP John Kaufman
Pitching: RHP John Kaufman
Batting: LHB Christian Blair 0-0: Ball
1-0: Foul Ball, location: 2F
1-1: Ball
2-1: Foul Ball, location: 2F
2-2: Strikes out looking
Batting: RHB Layton Templeman 0-0: Called Strike
0-1: Ball
1-1: Fly out, F9 (Line Drive, 9S)
Batting: RHB José Icaza 0-0: Ball
1-0: Ball
2-0: Ball
3-0: Base on Balls
Batting: LHB Clay Rush 0-0: Fielders Choice at 2nd, 4-6 (Groundball, 34)
Bottom of the 1st over - 0 run(s), 0 hit(s), 0 error(s), 0 left on base; Brooklyn 0 - Kingston Township 0
TOP OF THE 2ND
Brooklyn Dodgers batting - Pitching for Kingston Township Legion : LHP Shigemasa Horiuchi
Batting: LHB Ron Bascombe 0-0: Called Strike
0-1: Ball
1-1: Swinging Strike
1-2: Strikes out swinging
Batting: RHB Tony Justice 0-0: Ball
1-0: Called Strike
1-1: Foul Ball, location: 2F
1-2: Strikes out swinging
Batting: RHB Zach Lewis 0-0: Called Strike
0-1: Foul Ball, location: 2F
0-2: Strikes out swinging
Top of the 2nd over - 0 run(s), 0 hit(s), 0 error(s), 0 left on base; Brooklyn 0 - Kingston Township 0
BOTTOM OF THE 2ND
Kingston Township Legion batting - Pitching for Brooklyn Dodgers : RHP John Kaufman
Batting: RHB Pedro Mendoza 0-0: Ball
1-0: Ball
2-0: SINGLE (Line Drive, 89S)
Batting: RHB Clarence Neal 0-0: Called Strike
0-1: Swinging Strike
0-2: Strikes out looking
Batting: RHB Juan Aguirre 0-0: Foul Ball, location: 2F
0-1: Called Strike
0-2: Ball
1-2: Strikes out swinging
Batting: LHB Forrest McCooke 0-0: Foul Ball, location: 2F
0-1: Ball
1-1: Ball
2-1: Ball
3-1: Fly out, F6 (Line Drive, 6)
Bottom of the 2nd over - 0 run(s), 1 hit(s), 0 error(s), 1 left on base; Brooklyn 0 - Kingston Township 0
TOP OF THE 3RD
Brooklyn Dodgers batting - Pitching for Kingston Township Legion : LHP Shigemasa Horiuchi
Batting: SHB Felipe Cisneros 0-0: Ball
1-0: Foul Ball, location: 2F
1-1: Called Strike
1-2: Foul Ball, location: 2F
1-2: Strikes out swinging
Batting: RHB Vincent Crane 0-0: Hit by Pitch
Batting: SHB Juan Rivas 0-0: Called Strike
0-1: Foul Ball, location: 2F
0-2: Ball
1-2: Grounds into double play, 5-4-3 (Groundball, 56)
Top of the 3rd over - 0 run(s), 0 hit(s), 0 error(s), 0 left on base; Brooklyn 0 - Kingston Township 0
BOTTOM OF THE 3RD
Kingston Township Legion batting - Pitching for Brooklyn Dodgers : RHP John Kaufman
Batting: LHB Martín Núñes 0-0: Called Strike
0-1: Ball
1-1: Ground out 4-3 (Groundball, 4MS)
Batting: LHB Christian Blair 0-0: Called Strike
0-1: Swinging Strike
0-2: Foul Ball, location: 2F
0-2: Foul Ball, location: 2F
0-2: SINGLE (Groundball, 34D)
Batting: RHB Layton Templeman 0-0: Ball
1-0: Ball
2-0: 2-RUN HOME RUN (Flyball, 7D), Distance : 424 ft
Batting: RHB José Icaza 0-0: Called Strike
0-1: Ball
1-1: Ball
2-1: Ball
3-1: Fly out, F7 (Line Drive, 7)
Batting: LHB Clay Rush 0-0: Ball
1-0: Ball
2-0: Called Strike
2-1: Fly out, F9 (Flyball, 9D)
Bottom of the 3rd over - 2 run(s), 2 hit(s), 0 error(s), 0 left on base; Brooklyn 0 - Kingston Township 2
TOP OF THE 4TH
Brooklyn Dodgers batting - Pitching for Kingston Township Legion : LHP Shigemasa Horiuchi
Batting: RHB Gustavo Mateo 0-0: Ball
1-0: Swinging Strike
1-1: Ball
2-1: Ball
3-1: Base on Balls
Batting: SHB Leonard O'Connor 0-0: Ball
1-0: Foul Ball, location: 2F
1-1: Fly out, F8 (Flyball, 8LM)
Batting: LHB Avon Barksdale 0-0: Ball
1-0: Fly out, F8 (Flyball, 8RD)
Batting: LHB Ron Bascombe 0-0: Swinging Strike
0-1: Ball
1-1: Foul Ball, location: 2F
1-2: Fly out, F8 (Flyball, 8LM)
Top of the 4th over - 0 run(s), 0 hit(s), 0 error(s), 1 left on base; Brooklyn 0 - Kingston Township 2
BOTTOM OF THE 4TH
Kingston Township Legion batting - Pitching for Brooklyn Dodgers : RHP John Kaufman
Batting: RHB Pedro Mendoza 0-0: Ball
1-0: Called Strike
1-1: Foul Ball, location: 2F
1-2: Foul Ball, location: 2F
1-2: Ball
2-2: Strikes out swinging
Batting: RHB Clarence Neal 0-0: Ball
1-0: Foul Ball, location: 2F
1-1: SINGLE (Flyball, 8LS)
Batting: RHB Juan Aguirre 0-0: Fly out, F7 (Flyball, 7)
Batting: LHB Forrest McCooke 0-0: Ball
1-0: Called Strike
1-1: Foul Ball, location: 2F
1-2: Ball
2-2: SINGLE (Groundball, 5D)
Clarence Neal to second
Batting: LHB Martín Núñes 0-0: Called Strike
0-1: Ground out U3 (Groundball, 3S)
Bottom of the 4th over - 0 run(s), 2 hit(s), 0 error(s), 2 left on base; Brooklyn 0 - Kingston Township 2
TOP OF THE 5TH
Brooklyn Dodgers batting - Pitching for Kingston Township Legion : LHP Shigemasa Horiuchi
Batting: RHB Tony Justice 0-0: Called Strike
0-1: Called Strike
0-2: Strikes out swinging
Batting: RHB Zach Lewis 0-0: Ball
1-0: Called Strike
1-1: Swinging Strike
1-2: Fly out, F8 (Flyball, 8RD)
Batting: SHB Felipe Cisneros 0-0: Foul Ball, location: 2F
0-1: Foul Ball, location: 2F
0-2: Ball
1-2: Ball
2-2: Fly out, F4 (Popup, 34D)
Top of the 5th over - 0 run(s), 0 hit(s), 0 error(s), 0 left on base; Brooklyn 0 - Kingston Township 2
BOTTOM OF THE 5TH
Kingston Township Legion batting - Pitching for Brooklyn Dodgers : RHP John Kaufman
Batting: LHB Christian Blair 0-0: Called Strike
0-1: Called Strike
0-2: Fly out, F4 (Line Drive, 4)
Batting: RHB Layton Templeman 0-0: Ball
1-0: Ground out 1-3 (Groundball, P)
Batting: RHB José Icaza 0-0: Fly out, F7 (Flyball, 78S)
Bottom of the 5th over - 0 run(s), 0 hit(s), 0 error(s), 0 left on base; Brooklyn 0 - Kingston Township 2
TOP OF THE 6TH
Brooklyn Dodgers batting - Pitching for Kingston Township Legion : LHP Shigemasa Horiuchi
Batting: RHB Vincent Crane 0-0: Ball
1-0: Ball
2-0: Foul Ball, location: 2F
2-1: Swinging Strike
2-2: Strikes out swinging
Batting: SHB Juan Rivas 0-0: Ball
1-0: Foul Ball, location: 2F
1-1: Ball
2-1: TRIPLE (Flyball, 78XD)
Batting: RHB Gustavo Mateo 0-0: Foul Ball, location: 2F
0-1: Ball
1-1: Fly out, F8 (Flyball, 8LXD)
Runner from 3rd tags up, SCORES, no throw
Batting: SHB Leonard O'Connor 0-0: Foul Ball, location: 2F
0-1: Foul Ball, location: 2F
0-2: Strikes out looking
Top of the 6th over - 1 run(s), 1 hit(s), 0 error(s), 0 left on base; Brooklyn 1 - Kingston Township 2
BOTTOM OF THE 6TH
Kingston Township Legion batting - Pitching for Brooklyn Dodgers : RHP John Kaufman
Batting: LHB Clay Rush 0-0: Ball
1-0: Called Strike
1-1: Foul Ball, location: 2F
1-2: Ball
2-2: Foul Ball, location: 2F
2-2: Ground out 4-3 (Groundball, 4)
Batting: RHB Pedro Mendoza 0-0: Called Strike
0-1: Ball
1-1: Ball
2-1: Fly out, F8 (Flyball, 8LM)
Batting: RHB Clarence Neal 0-0: Ground out 4-3 (Groundball, 4)
Bottom of the 6th over - 0 run(s), 0 hit(s), 0 error(s), 0 left on base; Brooklyn 1 - Kingston Township 2
TOP OF THE 7TH
Brooklyn Dodgers batting - Pitching for Kingston Township Legion : LHP Shigemasa Horiuchi
Batting: LHB Avon Barksdale 0-0: Ball
1-0: Foul Ball, location: 2F
1-1: Swinging Strike
1-2: Foul Ball, location: 2F
1-2: Foul Ball, location: 2F
1-2: Ball
2-2: Foul Ball, location: 2F
2-2: Ball
3-2: Foul Ball, location: 2F
3-2: Foul Ball, location: 2F
3-2: Ground out U3 (Groundball, 3)
Batting: LHB Ron Bascombe 0-0: Foul Ball, location: 2F
0-1: Foul Ball, location: 2F
0-2: Ball
1-2: Ball
2-2: Ball
3-2: Fly out, F8 (Flyball, 78M)
Batting: RHB Tony Justice 0-0: Ground out 6-3 (Groundball, 56)
Top of the 7th over - 0 run(s), 0 hit(s), 0 error(s), 0 left on base; Brooklyn 1 - Kingston Township 2
BOTTOM OF THE 7TH
Kingston Township Legion batting - Pitching for Brooklyn Dodgers : RHP John Kaufman
Batting: RHB Juan Aguirre 0-0: Ball
1-0: Fly out, F8 (Line Drive, 8RD)
Batting: LHB Forrest McCooke 0-0: Swinging Strike
0-1: Ball
1-1: Foul Ball, location: 2F
1-2: Strikes out swinging
Batting: LHB Martín Núñes 0-0: Called Strike
0-1: Called Strike
0-2: Ball
1-2: Fly out, F3 (Line Drive, 3)
Bottom of the 7th over - 0 run(s), 0 hit(s), 0 error(s), 0 left on base; Brooklyn 1 - Kingston Township 2
TOP OF THE 8TH
Brooklyn Dodgers batting - Pitching for Kingston Township Legion : LHP Shigemasa Horiuchi
Batting: RHB Zach Lewis 0-0: SINGLE (Flyball, 89S)
Pitching: LHP Il-young Kim
Batting: SHB Felipe Cisneros 0-0: Ball
1-0: Ball
2-0: Ball
3-0: Called Strike
3-1: Swinging Strike
3-2: Base on Balls
Zach Lewis to second
Pitching: RHP Alfonso Miranda
Pinch Hitting: RHB Thom Wilcox 0-0: Grounds into double play, 4-6-3 (Groundball, 4M)
Zach Lewis to third
Pitching: RHP Yosuke Takahashi
Batting: SHB Juan Rivas 0-0: Called Strike
0-1: Ball
1-1: Ball
2-1: Ball
3-1: Ground out 6-3 (Groundball, 6M)
Top of the 8th over - 0 run(s), 1 hit(s), 0 error(s), 1 left on base; Brooklyn 1 - Kingston Township 2
BOTTOM OF THE 8TH
Kingston Township Legion batting - Pitching for Brooklyn Dodgers : RHP John Kaufman
Now in LF: Thom Wilcox
Batting: LHB Christian Blair 0-0: Ball
1-0: DOUBLE (Line Drive, 89M)
Batting: RHB Layton Templeman 0-0: Intentional Walk
Batting: RHB José Icaza 0-0: Called Strike
0-1: Ball
1-1: Foul Ball, location: 2F
1-2: Ball
2-2: Strikes out looking
Batting: LHB Clay Rush 0-0: Ball
1-0: Ball
2-0: Foul Ball, location: 2F
2-1: Ball
3-1: Base on Balls
Christian Blair to third
Layton Templeman to second
Pinch Hitting: RHB EP Weston 0-0: Called Strike
0-1: Ball
1-1: Grounds into double play, 6-2-3 (Groundball, 56)
Bottom of the 8th over - 0 run(s), 1 hit(s), 0 error(s), 2 left on base; Brooklyn 1 - Kingston Township 2
TOP OF THE 9TH
Brooklyn Dodgers batting - Pitching for Kingston Township Legion : RHP Yosuke Takahashi
Pitching: RHP Toshiro Saikawa
Now in LF: EP Weston
Batting: RHB Gustavo Mateo 0-0: Ball
1-0: Called Strike
1-1: Swinging Strike
1-2: Ball
2-2: Ball
3-2: Base on Balls
Batting: SHB Leonard O'Connor 0-0: Called Strike
0-1: Ball
1-1: Foul Ball, location: 2F
1-2: SINGLE (Line Drive, 9LS)
Gustavo Mateo to second
Runner from 2nd tries for 3rd, SAFE, throw made to third
Batting: LHB Avon Barksdale 0-0: Foul Ball, location: 2F
0-1: Called Strike
0-2: Strikes out swinging
Batting: LHB Ron Bascombe 0-0: Ball
1-0: Ball
2-0: Ball
3-0: Base on Balls
Leonard O'Connor to second
Pinch Hitting: RHB Chris Teague 0-0: Called Strike
0-1: Foul Ball, location: 2F
0-2: Ball
1-2: Strikes out swinging
Pinch Hitting: LHB Ángel Aguilar 0-0: Ball
1-0: Foul Ball, location: 2F
1-1: Ball
2-1: Swinging Strike
2-2: Strikes out looking
Top of the 9th over - 0 run(s), 1 hit(s), 0 error(s), 3 left on base; Brooklyn 1 - Kingston Township 2
Friday, December 30th, 2016 - OOTP Baseball 17.12 Build 75